 Dungeon Crawl Stone Soup version 0.29.1-1-gd02db6906a (webtiles) character file.

Game seed: 14872195727761090354

4173 Earthwalker the Fighter (level 10, -5/94 HPs)
             Began as a Minotaur Fighter on Oct 17, 2022.
             Was a Believer of Okawaru.
             Slain by a fire elemental (8 damage)
             ... summoned by a deep elf pyromancer
             ... on level 7 of the Dungeon.
             The game lasted 00:12:48 (8608 turns).

Earthwalker the Fighter (Minotaur Fighter)          Turns: 8608, Time: 00:12:48

Health: -5/94      AC: 13    Str: 26    XL:     10   Next: 7%
Magic:  9/9        EV:  6    Int:  5    God:    Okawaru [**....]
Gold:   465        SH:  9    Dex:  9    Spells: 9/9 levels left

rFire   . . .      SeeInvis .   x - +3 hand axe (flame)
rCold   . . .      Faith    .   A - +0 kite shield
rNeg    . . .      Spirit   .   D - +0 plate armour
rPois   .          Reflect  .   (helmet restricted)
rElec   .          Harm     .   (no cloak)
rCorr   .          Rampage  .   (no gloves)
Will    +....                   (no boots)
Stlth   ..........              r - amulet of the acrobat
HPRegen 0.25/turn               p - ring of willpower
MPRegen 0.11/turn               (no ring)

@: no status effects
A: horns 2, retaliatory headbutt
a: Renounce Religion, Heroism


You were on level 7 of the Dungeon.
You worshipped Okawaru.
Okawaru was pleased with you.
You visited 2 branches of the dungeon, and saw 8 of its levels.

You collected 465 gold pieces.

Inventory:

Hand Weapons
 a - a +0 war axe
 x - a +3 hand axe of flaming (weapon)
Missiles
 u - 11 poisoned darts (quivered)
Armour
 b - a +0 scale mail
 c - a +0 buckler
 A - a +0 kite shield (worn)
 B - +0 steam dragon scales
 D - a +0 plate armour (worn)
Jewellery
 p - a ring of willpower (left hand)
 r - an amulet of the acrobat (around neck)
 w - a ring of fire
Wands
 v - a wand of charming (11)
 z - a wand of iceblast (10)
Scrolls
 g - 2 scrolls of enchant armour {unknown}
 i - 6 scrolls of identify {unknown}
 j - 2 scrolls of butterflies {unknown}
 k - a scroll of summoning {unknown}
 m - a scroll of enchant weapon {unknown}
 n - a scroll of fear {unknown}
 q - 3 scrolls of teleportation {unknown}
 t - 2 scrolls of immolation {unknown}
 y - a scroll of vulnerability {unknown}
 E - a scroll of magic mapping {unknown}
Potions
 d - a potion of might
 e - a potion of mutation {unknown}
 f - 6 potions of curing {unknown}
 h - a potion of haste {unknown}
 l - 2 potions of magic {unknown}
 o - 2 potions of lignification {unknown}
 s - a potion of brilliance {unknown}
 C - a potion of attraction {unknown}


   Skills:
 * Level 10.8 Fighting
 * Level 10.4 Axes
 + Level 8.0 Armour
 + Level 8.0 Shields


You had 9 spell levels left.
You didn't know any spells.
Your spell library contained the following spells:

 Spells                   Type           Power      Damage    Failure   Level
 Necrotise                Necr           0%         1d4       100%        1
 Portal Projectile        Hex/Tloc       0%         N/A       100%        3
 Vampiric Draining        Necr           0%         2d6       100%        3
 Leda's Liquefaction      Hex/Erth       0%         N/A       100%        4
 Agony                    Necr           0%         N/A       100%        5
 Call Canine Familiar     Summ           Unusable   N/A       N/A         3

Dungeon Overview and Level Annotations

Branches:
Dungeon (7/15)             Temple (1/1) D:7

Altars:
Ashenzari
Cheibriados
Dithmenos
Elyvilon
Fedhas
Gozag
Hepliaklqana
Kikubaaqudgha
Makhleb
Nemelex Xobeh
Okawaru
Qazlal
Ru
Sif Muna
Trog
Uskayaw
Vehumet
Xom
Yredelemnul
Zin
The Shining One

Annotations:
Temple 2 transporters


Innate Abilities, Weirdness & Mutations

You have a pair of horns on your head.
You reflexively headbutt those who attack you in melee.


Message History

The gargoyle is heavily damaged.
The gargoyle hits you with a +0 flail!
* * * LOW HITPOINT WARNING * * *
You slash the gargoyle! You burn the gargoyle.
You destroy the gargoyle!
Okawaru accepts your kill.
Your Armour skill increases to level 8!
Your Shields skill increases to level 8!
You have reached level 10!
You hit the deep elf pyromancer. You burn the deep elf pyromancer.
The deep elf pyromancer is lightly wounded.
The deep elf pyromancer hits you with a +0 long sword!
* * * LOW HITPOINT WARNING * * *
You closely miss the deep elf pyromancer.
The deep elf pyromancer is lightly wounded.
The deep elf pyromancer barely misses you.
You hit the deep elf pyromancer. You burn the deep elf pyromancer.
You headbutt the deep elf pyromancer.
The deep elf pyromancer is lightly wounded.
The deep elf pyromancer hits you but does no damage.
You hit the deep elf pyromancer. You burn the deep elf pyromancer.
The deep elf pyromancer is moderately wounded.
The deep elf pyromancer gestures at you while chanting.
The sticky flame hits you.
You are covered in liquid flames!
* * * LOW HITPOINT WARNING * * *
You hit the deep elf pyromancer. You burn the deep elf pyromancer.
The deep elf pyromancer is moderately wounded.
You are covered in liquid flames!
* * * LOW HITPOINT WARNING * * *
You block the deep elf pyromancer's attack.
You are covered in liquid flames!
* * * LOW HITPOINT WARNING * * *
The deep elf pyromancer mumbles some strange words.
You slash the fire elemental!
The fire elemental is moderately damaged.
You are covered in liquid flames!
* * * LOW HITPOINT WARNING * * *
The fire elemental hits you. The fire elemental burns you!
You die...

..)).#####.........# # ..)###
###.).....# #
#.)..#########.)...##############
.................................
.................................
....############################.
....#############eE## #.
.#..#.##........E##○##W.9..!.e.#.
<#.##.##########@##.# .###.###W#.
...#.### ###..#.##♣.♣##.#?.!#.##.
..###..###.'..'.##...# e##.##.#..
..#####.##.#..###♣...♣##.#H#.##..
.##.....##.######..P..# .###c#...
.#.########...##♣..♣..♣##.#.##...
###....).####.##e.P.P..##.#.#....
#########.##.##♣.......♣##.##....
#.........##.##†.♣.♣.♣..##.#.....


You could see a deep elf pyromancer and a fire elemental (summoned).

Vanquished Creatures
  A deep elf pyromancer (D:7)
  A gargoyle (D:7)
  Maggie (D:7)
  A wraith (D:7)
  A steam dragon (D:7)
  A vampire mosquito (D:7)
  Menkaure (D:6)
  A water moccasin (D:6)
  2 black bears
  An ice beast (D:6)
  5 sky beasts
  2 ogres
  4 centaurs
  A phantom (D:7)
  2 bullfrogs (D:7)
  2 necrophages
  A killer bee (D:7)
  A howler monkey (D:5)
  An electric eel (D:7)
  4 jellies
  Crazy Yiuf (D:7)
  6 hounds
  2 orc priests
  Ijyb (D:5)
  2 iguanas
  6 orc wizards
  Robin (D:3)
  2 gnolls (D:3)
  4 adders
  A shadow imp (D:7)
  3 white imps
  A worm (D:4)
  5 dart slugs
  29 orcs
  2 bats (D:1)
  4 endoplasms
  6 giant cockroaches
  17 goblins
  11 hobgoblins
  8 jackals
  2 quokkas
  5 ball pythons
  3 frilled lizards
  3 kobolds
  6 rats
165 creatures vanquished.

Vanquished Creatures (others)
  4 plants (D:7)
4 creatures vanquished.

Grand Total: 169 creatures vanquished

Notes
Turn   | Place    | Note
-------+----------+-------------------------------------------
     0 | D:1      | Earthwalker the Minotaur Fighter began the quest for the
                  | Orb.
     0 | D:1      | Reached XP level 1. HP: 19/19 MP: 0/0
   315 | D:1      | Reached XP level 2. HP: 27/27 MP: 1/1
   691 | D:1      | Reached XP level 3. HP: 33/33 MP: 2/2
   920 | D:2      | Found a shimmering altar of Xom.
  1708 | D:2      | Reached XP level 4. HP: 40/41 MP: 3/3
  2294 | D:3      | Noticed a necrophage
  2325 | D:2      | Killed a necrophage
  2326 | D:2      | Reached skill level 5 in Fighting
  2326 | D:2      | Reached XP level 5. HP: 24/48 MP: 4/4
  2846 | D:3      | Found a faded altar of an unknown god.
  2986 | D:3      | Noticed Robin
  2996 | D:3      | Killed Robin
  3355 | D:4      | Reached XP level 6. HP: 51/56 MP: 5/5
  3531 | D:4      | Reached skill level 5 in Axes
  4027 | D:5      | Entered Level 5 of the Dungeon
  4236 | D:5      | Reached skill level 5 in Armour
  4236 | D:5      | Reached skill level 5 in Shields
  4236 | D:5      | Reached XP level 7. HP: 39/63 MP: 6/6
  4690 | D:5      | Noticed Ijyb
  4697 | D:5      | Killed Ijyb
  5355 | D:6      | Found a glowing silver altar of Zin.
  5367 | D:6      | Found a glowing golden altar of the Shining One.
  5640 | D:6      | Reached XP level 8. HP: 73/73 MP: 7/7
  5679 | D:6      | Noticed Menkaure
  5685 | D:6      | Killed Menkaure
  6792 | D:7      | Found a staircase to the Ecumenical Temple.
  6809 | Temple   | Entered the Ecumenical Temple
  6809 | Temple   | Found a transporter.
  6809 | Temple   | Found a transporter.
  6811 | Temple   | Found a transporter.
  6811 | Temple   | Found a transporter.
  6823 | Temple   | Became a worshipper of Warmaster Okawaru
  6976 | D:7      | Noticed Maggie
  6993 | D:7      | Killed Maggie
  6993 | D:7      | Reached * piety under Okawaru
  6994 | D:7      | Reached XP level 9. HP: 42/83 MP: 8/8
  7718 | D:7      | Found a runed translucent door.
  7718 | D:7      | Found a runed translucent door.
  8049 | D:7      | Found a runed translucent door.
  8050 | D:7      | Noticed Crazy Yiuf
  8295 | D:7      | Killed Crazy Yiuf
  8500 | D:7      | Reached skill level 10 in Fighting
  8538 | D:7      | Noticed a deep elf pyromancer
  8538 | D:7      | Noticed a gargoyle
  8538 | D:7      | Noticed a manticore
  8538 | D:7      | Noticed a deep elf pyromancer
  8584 | D:7      | Killed a deep elf pyromancer
  8584 | D:7      | Reached ** piety under Okawaru
  8585 | D:7      | Reached skill level 10 in Axes
  8601 | D:7      | Killed a gargoyle
  8602 | D:7      | Reached XP level 10. HP: 25/94 MP: 9/9
  8607 | D:7      | HP: 4/94 [burnt (4)]
  8608 | D:7      | Slain by a fire elemental

Illustrated notes

Levels and vault maps discovered:
D:1:      minmay_arrival_four_loops, layout_basic
D:2:      layout_rooms, serial_co_window_serial, co_window_paths_b,
          co_window_of_opportunity_a, co_window_corner_a, co_window_paths_a,
          co_window_of_opportunity_a, co_window_unsneaky_path_a,
          co_window_corner_b, co_window_unsneaky_path_e, co_window_4corner_b,
          co_window_4corner_a, basic_altar
D:3:      layout_loops_ring, shapermc_ecumenical_altar_pompeii, st_stairs_4,
          uniq_robin
D:4:      layout_basic, grunt_ministairs_1
D:5:      layout_basic, uniq_ijyb
D:6:      layout_gridville, mainiacjoe_overflow_big_doors,
          chequers_serial_rivers_micro_b, uniq_menkaure
D:7:      minmay_the_grid_triangle_9x9_rhombus_full
          [minmay_the_grid_triangle_9x9_impossible_snake,
          minmay_the_grid_triangle_9x9_tough_junction,
          minmay_the_grid_triangle_9x9_empty,
          minmay_the_grid_triangle_9x9_stretched_checkered,
          minmay_the_grid_triangle_9x9_checkered,
          minmay_the_grid_triangle_9x9_skeleton,
          minmay_the_grid_triangle_9x9_shrine,
          minmay_the_grid_triangle_9x9_prize_top_heavy], layout_basic,
          minmay_temple_entry_overgrown, grunt_ministairs_6, fountainhead,
          uniq_crazy_yiuf_cottage, uniq_maggie
Temple:   hellmonk_temple_divided_pantheon

Skill      XL: |  1  2  3  4  5  6  7  8  9 |
---------------+----------------------------+-----
Fighting       | 4 5 6 7 9 10 | 10.8
Axes           | 3 4 5 6 8 10 | 10.4
Armour         | 4 5 6 8 |  8.0
Shields        | 4 5 6 8 |  8.0

Action                   |  1- 3 |  4- 6 |  7- 9 | 10-12 || total
-------------------------+-------+-------+-------+-------++-------
Melee: War axe           |   100 |   108 |    56 |       ||   264
       Headbutt          |    10 |    19 |    57 |     1 ||    87
       Hand axe          |       |       |   216 |     6 ||   222
Armor: Scale mail        |    58 |    66 |    70 |       ||   194
       Plate armour      |       |       |    25 |     2 ||    27
Dodge: Dodged            |    44 |    52 |   107 |     1 ||   204
Block: Buckler           |    22 |    26 |    22 |       ||    70
       Kite shield       |       |       |    57 |     1 ||    58
